[ AOE2 MATCH · #506188013 ]
UnrankedIncas vs Hindustanis
Player's team · WIN
[ REPLAY ANALYSIS · EXTRACTED FROM THE RECORDED GAME ]
Feudal
11:02
Castle
25:23
Imperial
—
| APM avg | 46.3 |
| APM peak | 86 |
| eAPM avg | 19.6 |
| Villagers / military | 64 / 17 |
Focus
⚔️ 27.5% · 🌾 72.5%
Unknown (2550) ×77 · Spearman ×13 · Battering Ram ×3 · Monk ×1
Feudal
8:56
Castle
22:34
Imperial
—
| APM avg | 26.9 |
| APM peak | 76 |
| eAPM avg | 12.6 |
| Villagers / military | 81 / 23 |
Focus
⚔️ 19.0% · 🌾 81.0%
Scout Cavalry ×12 · Camel Scout ×6 · Archer ×5
Match map
Initial resources + every placement click. Lines = walls · curves = elevation contours. ◆ gold · ⬟ stone · ● berries · ✦ relic · ◌ wall gap
Your base· ✓ Closed at 25:23 · 18t walls · 1 gate(s)
Justin Credible's base· ✓ Closed at 22:34 · 6t walls · no gate
Smoothed initial terrain · ◌ = detected wall gap · hover for details
Inputs per minute
— YAYA - - Justin Credible
Build order — YAYA
First 150 of 188 actions detected
| 0:01 | Queue | Villager (Male) ×4 |
| 0:02 | Build | House |
| 0:04 | Build | House |
| 1:32 | Queue | Villager (Male) |
| 1:32 | Queue | Villager (Male) |
| 2:02 | Queue | Villager (Male) |
| 2:28 | Queue | Villager (Male) |
| 2:45 | Queue | Villager (Male) |
| 3:05 | Queue | Villager (Male) |
| 3:05 | Queue | Villager (Male) |
| 3:20 | Build | Barracks |
| 3:55 | Queue | Villager (Male) |
| 3:55 | Queue | Villager (Male) |
| 4:19 | Queue | Unit 2550 |
| 4:41 | Queue | Unit 2550 |
| 5:01 | Queue | Villager (Male) |
| 5:01 | Queue | Villager (Male) |
| 5:08 | Build | Settlement |
| 5:22 | Queue | Villager (Male) |
| 5:45 | Queue | Unit 2550 |
| 6:08 | Queue | Unit 2550 |
| 6:12 | Queue | Villager (Male) |
| 6:47 | Queue | Villager (Male) |
| 6:47 | Queue | Villager (Male) |
| 7:24 | Queue | Villager (Male) |
| 7:25 | Queue | Villager (Male) |
| 7:42 | Research | Loom |
| 7:56 | Build | Settlement |
| 8:24 | Research | Feudal Age |
| 8:24 | Research | Feudal Age |
| 8:42 | Queue | Unit 2550 |
| 8:42 | Queue | Unit 2550 |
| 9:22 | Build | Palisade Wall |
| 9:56 | Build | Outpost |
| 10:08 | Build | Palisade Wall |
| 10:11 | Build | Palisade Gate |
| 10:14 | Queue | Villager (Male) |
| 10:27 | Queue | Unit 2550 |
| 10:58 | Build | Farm |
| 11:02 | Age | Feudal Age |
| 11:03 | Queue | Villager (Male) |
| 11:11 | Build | Barracks |
| 11:13 | Research | Tech 1402 |
| 11:13 | Research | Tech 1402 |
| 11:33 | Research | Arson |
| 11:33 | Research | Arson |
| 11:39 | Build | House |
| 11:52 | Queue | Unit 2550 |
| 11:52 | Queue | Unit 2550 |
| 11:57 | Build | House |
| 11:59 | Build | House |
| 12:04 | Research | Double-Bit Axe |
| 12:04 | Research | Double-Bit Axe |
| 12:05 | Queue | Villager (Male) |
| 12:05 | Queue | Villager (Male) |
| 12:38 | Queue | Villager (Male) |
| 12:57 | Build | Blacksmith |
| 13:06 | Queue | Villager (Male) |
| 13:27 | Research | Scale Mail Armor |
| 13:29 | Queue | Unit 2550 ×2 |
| 13:46 | Build | Farm |
| 13:46 | Build | Farm |
| 13:58 | Research | Forging |
| 14:05 | Build | Farm |
| 14:23 | Build | Farm |
| 14:25 | Queue | Villager (Male) |
| 14:41 | Build | Farm |
| 15:00 | Build | Farm |
| 15:01 | Queue | Villager (Male) |
| 15:17 | Queue | Unit 2550 ×3 |
| 15:24 | Queue | Villager (Male) |
| 15:24 | Queue | Villager (Male) |
| 15:45 | Queue | Villager (Male) |
| 15:55 | Build | Farm |
| 15:59 | Queue | Unit 2550 |
| 16:08 | Research | Gold Mining |
| 16:10 | Queue | Villager (Male) |
| 16:19 | Build | Farm |
| 16:34 | Queue | Villager (Male) |
| 17:21 | Queue | Unit 2550 ×5 |
| 17:25 | Build | Settlement |
| 17:27 | Queue | Villager (Male) |
| 17:27 | Queue | Villager (Male) |
| 17:55 | Queue | Villager (Male) |
| 17:57 | Queue | Unit 2550 ×3 |
| 18:01 | Build | Farm |
| 18:03 | Build | Farm |
| 18:15 | Build | Market |
| 18:26 | Queue | Unit 2550 ×4 |
| 18:31 | Build | Farm |
| 18:36 | Queue | Villager (Male) |
| 19:25 | Queue | Villager (Male) |
| 19:28 | Queue | Unit 2550 ×5 |
| 19:55 | Queue | Villager (Male) |
| 19:58 | Queue | Unit 2550 ×5 |
| 20:14 | Build | Settlement |
| 20:24 | Queue | Villager (Male) |
| 20:29 | Research | Horse Collar |
| 20:29 | Research | Horse Collar |
| 20:57 | Queue | Villager (Male) |
| 21:25 | Queue | Villager (Male) |
| 21:27 | Build | Farm |
| 21:31 | Queue | Unit 2550 |
| 21:37 | Build | Farm |
| 21:38 | Build | Farm |
| 21:42 | Build | Farm |
| 21:42 | Build | Farm |
| 21:43 | Build | Farm |
| 21:43 | Build | Farm |
| 21:43 | Build | Farm |
| 21:43 | Build | Farm |
| 21:44 | Build | Farm |
| 21:53 | Queue | Villager (Male) |
| 21:54 | Build | Farm |
| 21:57 | Queue | Villager (Male) |
| 22:42 | Research | Castle Age |
| 22:43 | Research | Castle Age |
| 23:49 | Queue | Unit 2550 ×5 |
| 24:29 | Build | Barracks |
| 24:32 | Queue | Unit 2550 ×5 |
| 25:23 | Age | Castle Age |
| 25:31 | Research | Tech 1351 |
| 26:08 | Queue | Unit 2550 |
| 26:08 | Queue | Unit 2550 |
| 26:17 | Queue | Spearman ×5 |
| 26:32 | Research | Pikeman (upgrade) |
| 26:34 | Research | Gold Shaft Mining |
| 26:36 | Research | Heavy Plow |
| 26:39 | Research | Bow Saw |
| 26:39 | Research | Bow Saw |
| 26:41 | Research | Wheelbarrow |
| 26:58 | Build | Town Center |
| 27:00 | Queue | Spearman |
| 27:01 | Queue | Spearman |
| 27:01 | Queue | Spearman |
| 27:11 | Research | Squires |
| 27:12 | Queue | Unit 2550 ×5 |
| 27:22 | Research | Chain Mail Armor |
| 27:22 | Research | Chain Mail Armor |
| 27:59 | Queue | Villager (Male) |
| 27:59 | Queue | Villager (Male) |
| 28:13 | Queue | Unit 2550 |
| 28:14 | Queue | Unit 2550 |
| 28:17 | Queue | Villager (Male) |
| 28:17 | Queue | Villager (Male) |
| 28:17 | Queue | Villager (Male) |
| 28:57 | Queue | Unit 2550 |
| 28:58 | Queue | Unit 2550 |
| 29:01 | Queue | Villager (Male) |
| 29:02 | Queue | Villager (Male) |
Build order — Justin Credible
First 150 of 182 actions detected
| 0:02 | Queue | Villager (Male) ×4 |
| 0:03 | Build | House |
| 0:06 | Build | House |
| 0:07 | Build | House |
| 1:16 | Queue | Villager (Male) |
| 1:35 | Queue | Villager (Male) |
| 2:04 | Build | Lumber Camp |
| 2:05 | Queue | Villager (Male) |
| 2:47 | Queue | Villager (Male) |
| 2:50 | Queue | Villager (Male) |
| 3:29 | Queue | Villager (Male) |
| 4:03 | Queue | Villager (Male) |
| 4:26 | Queue | Villager (Male) |
| 4:48 | Queue | Villager (Male) |
| 4:48 | Queue | Villager (Male) |
| 5:07 | Build | Mill |
| 5:16 | Queue | Villager (Male) |
| 5:54 | Research | Loom |
| 6:26 | Build | Barracks |
| 6:46 | Research | Feudal Age |
| 7:30 | Build | House |
| 7:34 | Build | House |
| 7:35 | Build | House |
| 7:50 | Build | Palisade Wall |
| 8:00 | Build | Palisade Wall |
| 8:16 | Build | House |
| 8:25 | Queue | Villager (Male) |
| 8:26 | Queue | Villager (Male) |
| 8:56 | Age | Feudal Age |
| 9:01 | Build | Stable |
| 9:04 | Queue | Villager (Male) |
| 9:12 | Research | Double-Bit Axe |
| 9:16 | Research | Horse Collar |
| 9:29 | Queue | Villager (Male) |
| 9:37 | Queue | Scout Cavalry |
| 9:37 | Queue | Scout Cavalry |
| 9:50 | Build | Farm |
| 10:14 | Build | Farm |
| 10:15 | Build | Farm |
| 10:16 | Build | Farm |
| 10:23 | Build | Farm |
| 10:34 | Queue | Villager (Male) |
| 10:48 | Queue | Villager (Male) |
| 10:55 | Build | Farm |
| 10:56 | Queue | Scout Cavalry |
| 11:07 | Build | Farm |
| 11:14 | Build | House |
| 11:16 | Queue | Scout Cavalry |
| 11:24 | Queue | Villager (Male) |
| 11:32 | Build | Farm |
| 11:38 | Build | House |
| 11:41 | Queue | Villager (Male) |
| 11:56 | Build | Farm |
| 11:58 | Build | Farm |
| 12:03 | Queue | Villager (Male) |
| 12:05 | Queue | Scout Cavalry |
| 12:14 | Queue | Villager (Male) |
| 12:25 | Build | Farm |
| 12:33 | Build | Farm |
| 12:34 | Queue | Villager (Male) |
| 12:43 | Queue | Scout Cavalry |
| 12:49 | Queue | Villager (Male) |
| 13:07 | Queue | Villager (Male) |
| 13:11 | Queue | Scout Cavalry |
| 13:22 | Queue | Villager (Male) |
| 13:41 | Build | Blacksmith |
| 13:43 | Queue | Villager (Male) |
| 13:52 | Build | House |
| 13:53 | Build | House |
| 14:20 | Queue | Villager (Male) |
| 14:41 | Build | Farm |
| 14:44 | Research | Scale Barding Armor |
| 14:46 | Research | Forging |
| 14:53 | Build | Farm |
| 14:55 | Queue | Villager (Male) |
| 15:10 | Queue | Scout Cavalry |
| 15:15 | Build | Farm |
| 15:32 | Queue | Villager (Male) |
| 15:46 | Queue | Scout Cavalry |
| 15:46 | Queue | Scout Cavalry |
| 16:26 | Queue | Villager (Male) |
| 16:43 | Queue | Villager (Male) |
| 17:18 | Build | Mining Camp |
| 17:29 | Build | Farm |
| 17:31 | Queue | Villager (Male) |
| 17:31 | Queue | Villager (Male) |
| 17:34 | Queue | Scout Cavalry |
| 17:35 | Queue | Scout Cavalry |
| 18:02 | Research | Wheelbarrow |
| 18:07 | Build | Farm |
| 18:13 | Build | Farm |
| 18:18 | Build | Farm |
| 18:27 | Build | Farm |
| 18:32 | Build | Farm |
| 19:44 | Build | House |
| 19:54 | Research | Castle Age |
| 20:00 | Build | Stable |
| 20:01 | Build | Stable |
| 20:02 | Build | Stable |
| 21:10 | Build | Stable |
| 21:19 | Build | House |
| 21:29 | Research | Gold Mining |
| 22:03 | Build | Farm |
| 22:12 | Research | Bloodlines |
| 22:34 | Age | Castle Age |
| 22:37 | Queue | Villager (Male) |
| 22:38 | Queue | Villager (Male) |
| 22:47 | Build | Town Center |
| 22:51 | Queue | Villager (Male) |
| 23:05 | Research | Husbandry |
| 23:16 | Build | Farm |
| 23:21 | Research | Fletching |
| 23:28 | Build | Farm |
| 23:36 | Build | Farm |
| 23:42 | Queue | Villager (Male) |
| 23:54 | Queue | Villager (Male) |
| 24:10 | Research | Bodkin Arrow |
| 24:10 | Queue | Villager (Male) |
| 24:23 | Queue | Villager (Male) |
| 24:29 | Queue | Camel Scout ×3 |
| 24:30 | Queue | Villager (Male) |
| 24:52 | Build | House |
| 24:53 | Build | House |
| 24:53 | Build | House |
| 24:55 | Build | House |
| 25:42 | Queue | Villager (Male) |
| 25:53 | Queue | Villager (Male) |
| 26:05 | Queue | Villager (Male) |
| 26:19 | Queue | Villager (Male) |
| 26:34 | Build | Town Center |
| 26:36 | Queue | Villager (Male) |
| 26:46 | Queue | Villager (Male) |
| 26:49 | Build | Farm |
| 26:52 | Queue | Villager (Male) |
| 27:00 | Queue | Camel Scout ×3 |
| 27:01 | Queue | Villager (Male) |
| 27:20 | Build | Farm |
| 27:42 | Queue | Villager (Male) |
| 28:04 | Queue | Villager (Male) |
| 28:16 | Queue | Villager (Male) |
| 28:19 | Queue | Villager (Male) |
| 28:40 | Queue | Villager (Male) |
| 28:48 | Build | Farm |
| 28:49 | Queue | Villager (Male) |
| 28:56 | Queue | Villager (Male) |
| 29:13 | Queue | Villager (Male) |
| 29:29 | Queue | Villager (Male) |
| 29:33 | Queue | Villager (Male) |
| 29:35 | Build | Farm |
| 29:42 | Queue | Villager (Male) |
Match timeline
| 3:20 | YAYA · first_building Barracks |
| 6:26 | Justin Credible · first_building Barracks |
| 7:50 | Justin Credible · wall_segment Palisade Wall x3 |
| 8:00 | Justin Credible · wall_segment Palisade Wall x3 |
| 8:56 | Justin Credible · age_up feudal |
| 9:01 | Justin Credible · first_building Stable |
| 9:22 | YAYA · wall_segment Palisade Wall x9 |
| 10:08 | YAYA · wall_segment Palisade Wall x9 |
| 11:02 | YAYA · age_up feudal |
| 22:27 | YAYA · first_market_buy 100 food |
| 22:34 | Justin Credible · age_up castle |
| 25:23 | YAYA · age_up castle |
| 26:30 | YAYA · first_market_sell 100 food |
| 30:03 | Justin Credible · first_building Archery Range |
| 30:19 | YAYA · first_building Siege Workshop |
| 31:13 | YAYA · first_building Monastery |
| 33:28 | Justin Credible · resign |
[ AI ANALYSIS · 1 CREDIT ]
What really happened in this match?
Wolo.gg analyzes every decision: build order, eco, micro, common mistakes by bracket. Personalized analysis on WhatsApp or Discord in 30 seconds.
Civ guide
Incas
Perfil
Jugador #11964270